 Dungeon Crawl Stone Soup version 0.30-a0-137-gd8773701ce (webtiles) character file.

Game seed: 1693345042912843839

1430 ragingrage the Vexing (level 8, -12/61 HPs)
             Began as a Gnoll Wanderer on Sept 23, 2022.
             Was a Follower of Cheibriados.
             Mangled by a yak (15 damage)
             ... on level 5 of the Dungeon.
             The game lasted 00:07:58 (6906 turns).

ragingrage the Vexing (Gnoll Wanderer)              Turns: 6906, Time: 00:07:58

Health: -12/61     AC:  4    Str: 14    XL:     8   Next: 73%
Magic:  15/24      EV: 13    Int: 14    God:    Cheibriados [*.....]
Gold:   195        SH: 10    Dex: 15    Spells: 12/16 levels left

rFire   + . .      SeeInvis +    u - +2 short sword (venom)
rCold   . . .      Faith    .    b - +0 buckler
rNeg    . . .      Spirit   .    n - +0 robe {rF+}
rPois   .          Reflect  +    (no helmet)
rElec   .          Harm     .    y - +0 cloak
rCorr   .          Rampage  .    (no gloves)
Will    .....                    g - +0 pair of boots
Stlth   +++.......               i - amulet of reflection
HPRegen 0.20/turn                o - ring of see invisible
MPRegen 0.19/turn                r - ring of magical power

@: very slow
A: fangs 1, strong nose, distributed training
a: Renounce Religion, Bend Time


You were on level 5 of the Dungeon.
You worshipped Cheibriados.
Cheibriados was aware of your devotion.
You visited 2 branches of the dungeon, and saw 7 of its levels.

You collected 195 gold pieces.

Inventory:

Hand Weapons
 p - a +2 whip of pain
 u - a +2 short sword of venom (weapon)
 G - a +2 whip of electrocution
Missiles
 H - 11 poisoned darts
 J - 2 throwing nets
Armour
 b - a +0 buckler (worn)
 g - a +0 pair of boots (worn)
 n - a +0 robe of fire resistance (worn)
 y - a +0 cloak (worn)
Jewellery
 i - an amulet of reflection (around neck)
 o - a ring of see invisible (left hand)
 r - a ring of magical power (right hand)
 E - a ring of flight
Wands
 w - a wand of roots (3)
 D - a wand of polymorph (12)
 K - a wand of digging (5)
Scrolls
 e - 10 scrolls of teleportation
 h - a scroll of silence {unknown}
 j - 2 scrolls of blinking {unknown}
 l - 2 scrolls of torment {unknown}
 s - 2 scrolls of amnesia {unknown}
 v - 3 scrolls of enchant armour {unknown}
 x - a scroll of poison {unknown}
 z - a scroll of enchant weapon {unknown}
 C - 2 scrolls of identify {unknown}
Potions
 a - a potion of haste
 c - a potion of curing
 d - a potion of heal wounds {unknown}
 f - 3 potions of invisibility {unknown}
 k - 5 potions of lignification {unknown}
 m - a potion of degeneration {unknown}
 q - 3 potions of brilliance {unknown}
 t - 2 potions of magic {unknown}
 A - 2 potions of ambrosia {unknown}
 B - 2 potions of flight {unknown}
 F - 2 potions of attraction {unknown}
 I - 2 potions of berserk rage {unknown}
 L - a potion of mutation {unknown}


   Skills:
 + Level 4.5 Fighting
 + Level 3.6 Short Blades
 + Level 3.6 Long Blades
 + Level 3.6 Axes
 + Level 3.6 Maces & Flails
 + Level 3.6 Polearms
 + Level 3.6 Staves
 + Level 3.6 Ranged Weapons
 + Level 3.6 Throwing
 + Level 3.6 Armour
 + Level 3.6 Dodging
 + Level 4.4 Stealth
 + Level 4.5 Shields
 + Level 5.9 Unarmed Combat
 + Level 4.7 Spellcasting
 + Level 3.0 Conjurations
 + Level 7.8 Hexes
 + Level 3.0 Summonings
 + Level 3.0 Necromancy
 + Level 3.0 Translocations
 + Level 3.0 Transmutations
 + Level 3.0 Fire Magic
 + Level 3.0 Ice Magic
 + Level 3.0 Air Magic
 + Level 3.0 Earth Magic
 + Level 3.0 Poison Magic
 + Level 4.0 Invocations
 + Level 3.6 Evocations


You had 12 spell levels left.
You knew the following spells:

 Your Spells              Type           Power      Damage    Failure   Level
a - Slow                  Hex            100%       N/A       1%          1
b - Dazzling Flash        Conj/Hex       36%        N/A       8%          3

Your spell library contained the following spells:

 Spells                   Type           Power      Damage    Failure   Level
 Inner Flame              Hex/Fire       18%        N/A       8%          3
 Conjure Ball Lightning   Conj/Air       5%         3x3d6     100%        6
 Discord                  Hex            12%        N/A       100%        8
 Disjunction              Tloc           5%         N/A       100%        8


Dungeon Overview and Level Annotations

Branches:
Dungeon (6/15)             Temple (1/1) D:4

Altars:
Ashenzari
Cheibriados
Dithmenos
Elyvilon
Fedhas
Gozag
Hepliaklqana
Kikubaaqudgha
Makhleb
Nemelex Xobeh
Okawaru
Qazlal
Ru
Sif Muna
Trog
Uskayaw
Vehumet
Wu Jian
Xom
Yredelemnul
Zin
The Shining One

Shops:
D:1 :   D:5 :


Innate Abilities, Weirdness & Mutations

You have very sharp teeth.
Your uncanny sense of smell can sniff out nearby items.
Your experience applies equally to all skills.


Message History

The orc attacks as you move away! The orc barely misses you.
You block the orc's attack. The orc attacks as you move away!
The orc closely misses you. The yak gores you!
Casting: Dazzling Flash (dangerous; 8% risk of failure)
Confirm with . or Enter, or press ? or * to list all spells.
Casting: Dazzling Flash (dangerous; 8% risk of failure)
Press: ? - help, Dir - look around, f - activate The yak is dazzled.
The orc is dazzled.
The yak gores you but does no damage.
You hit the yak but do no damage. The yak gores you!
The yak is no longer blind.
The yak attacks as you move away! The yak barely misses you.
There is a stone staircase leading up here.
You block the yak's attack.
You climb upwards.
There is a stone staircase leading down here.
Casting: Dazzling Flash (dangerous; 8% risk of failure)
Confirm with . or Enter, or press ? or * to list all spells.
Casting: Dazzling Flash (dangerous; 8% risk of failure)
Press: ? - help, Dir - look around, f - activate The yak barely misses you.
Casting: Dazzling Flash (dangerous; 8% risk of failure)
Confirm with . or Enter, or press ? or * to list all spells.
Casting: Dazzling Flash (dangerous; 8% risk of failure)
Press: ? - help, Dir - look around, f - activate The yak gores you!
* * * LOW HITPOINT WARNING * * *
Casting: Dazzling Flash (dangerous; 8% risk of failure)
Confirm with . or Enter, or press ? or * to list all spells.
Casting: Dazzling Flash (dangerous; 8% risk of failure)
Press: ? - help, Dir - look around, f - activate The yak gores you!
* * * LOW HITPOINT WARNING * * *
Aiming: Fastroot
Press: ? - help, Shift-Dir - straight line The roots erupt in riotous growth!
Roots grab the yak.
The grasping roots constrict the yak!
The yak gores you!
You die...

####.###############.###.##......
#.# #.##..#....... #.#
#.##.##....... #.##
#....##.....## #..#########
####..####.....#
##..#......###.....# #.....#
##.#...)......8...# #.....#
#.....(.).[.Y.#..# #.....#
##.........@...8.##########
#.................#
#.......8...∩...8.#
#........#........#
#........#8...<...#
########..........# #####8....##
#######


You could see a yak (rooted).

Vanquished Creatures
  Sigmund (D:3)
  A water moccasin (D:6)
  Duvessa (D:4)
  A black bear (D:4)
  An ogre (D:5)
  A necrophage (D:6)
  2 scorpions (D:5)
  Dowan (D:4)
  A howler monkey (D:5)
  2 crimson imps (D:4)
  3 hounds
  Crazy Yiuf (D:2)
  A jelly (D:5)
  An orc priest (D:5)
  Jessica (D:2)
  2 iguanas
  4 orc wizards
  6 adders
  A shadow imp (D:4)
  2 white imps (D:5)
  An ufetubus (D:5)
  A worm (D:2)
  2 dart slugs
  12 orcs
  3 bats
  8 endoplasms
  5 giant cockroaches
  10 goblins
  5 hobgoblins
  3 jackals (D:1)
  8 quokkas
  10 ball pythons
  3 frilled lizards
  9 kobolds
  6 rats
120 creatures vanquished.

Notes
Turn   | Place    | Note
-------+----------+-------------------------------------------
     0 | D:1      | ragingrage the Gnoll Wanderer began the quest for the Orb.
     0 | D:1      | ragingrage set off with the following items: a +0 dagger, a
                  | +0 buckler, a potion of curing, a +0 leather armour, a
                  | scroll of teleportation; and the following spell memorised:
                  | Slow; and the following spells available to memorise:
                  | Dazzling Flash, Inner Flame.
     0 | D:1      | Reached XP level 1. HP: 17/17 MP: 4/4
   240 | D:1      | Reached XP level 2. HP: 6/23 MP: 5/5
   596 | D:1      | Found a faded altar of an unknown god.
   771 | D:1      | Reached XP level 3. HP: 22/28 MP: 4/7
  1211 | D:1      | Found Yruniuff's Book Shop.
  1239 | D:1      | Reached skill level 1 in Invocations
  1243 | D:1      | Learned a level 3 spell: Dazzling Flash
  1682 | D:2      | Noticed Jessica
  1690 | D:2      | Killed Jessica
  1691 | D:2      | Reached skill level 1 in Short Blades
  1691 | D:2      | Reached skill level 1 in Long Blades
  1691 | D:2      | Reached skill level 1 in Axes
  1691 | D:2      | Reached skill level 1 in Maces & Flails
  1691 | D:2      | Reached skill level 1 in Polearms
  1691 | D:2      | Reached skill level 1 in Staves
  1691 | D:2      | Reached skill level 1 in Ranged Weapons
  1691 | D:2      | Reached skill level 1 in Throwing
  1691 | D:2      | Reached skill level 1 in Armour
  1691 | D:2      | Reached skill level 1 in Dodging
  1691 | D:2      | Reached skill level 1 in Evocations
  1691 | D:2      | Reached XP level 4. HP: 34/34 MP: 6/8
  2028 | D:2      | Reached skill level 1 in Conjurations
  2028 | D:2      | Reached skill level 1 in Summonings
  2028 | D:2      | Reached skill level 1 in Necromancy
  2028 | D:2      | Reached skill level 1 in Translocations
  2028 | D:2      | Reached skill level 1 in Transmutations
  2028 | D:2      | Reached skill level 1 in Fire Magic
  2028 | D:2      | Reached skill level 1 in Ice Magic
  2028 | D:2      | Reached skill level 1 in Air Magic
  2028 | D:2      | Reached skill level 1 in Earth Magic
  2028 | D:2      | Reached skill level 1 in Poison Magic
  2092 | D:2      | Found a runed translucent door.
  2093 | D:2      | Noticed Crazy Yiuf
  2641 | D:2      | Killed Crazy Yiuf
  2642 | D:2      | Reached XP level 5. HP: 26/40 MP: 9/9
  3685 | D:3      | Noticed Sigmund
  3698 | D:3      | Killed Sigmund
  3699 | D:3      | Reached skill level 5 in Unarmed Combat
  3699 | D:3      | Reached XP level 6. HP: 47/47 MP: 11/11
  4077 | D:4      | Found a staircase to the Ecumenical Temple.
  4094 | D:4      | Noticed Dowan
  4104 | Temple   | Entered the Ecumenical Temple
  4375 | D:4      | Noticed a black bear
  4394 | D:4      | Killed a black bear
  4397 | D:4      | Found a snail-covered altar of Cheibriados.
  4503 | D:4      | Found an iron altar of Okawaru.
  4503 | D:4      | Noticed Duvessa
  4504 | D:4      | Found a basalt altar of Yredelemnul.
  4512 | D:4      | Killed Duvessa
  4513 | D:4      | Reached XP level 7. HP: 52/52 MP: 12/12
  4517 | D:4      | Became a worshipper of Cheibriados the Contemplative
  4522 | D:4      | Killed Dowan
  4898 | D:4      | Found a shimmering altar of Xom.
  5042 | D:5      | Entered Level 5 of the Dungeon
  5183 | D:5      | Reached XP level 8. HP: 9/60 MP: 14/14
  5800 | D:5      | Found Hocatin's Book Shop.
  6047 | D:5      | Reached * piety under Cheibriados
  6388 | D:6      | Found a bloodstained altar of Trog.
  6855 | D:6      | Noticed a yak
  6860 | D:6      | Noticed a yak
  6862 | D:6      | Noticed a yak
  6863 | D:6      | Noticed a yak
  6905 | D:5      | HP: 3/61 [yak (11)]
  6906 | D:5      | Mangled by a yak

Illustrated notes

Levels and vault maps discovered:
D:1:      dpeg_arrival_ternary, layout_basic, hellmonk_ecumenical_altar_blasted,
          serial_shops, shop
D:2:      layout_basic, uniq_crazy_yiuf_cottage, uniq_jessica
D:3:      layout_loops_corners, uniq_sigmund
D:4:      layout_loops_ring, led_xom_imps, grunt_temple_overflow_open,
          minmay_temple_entry_drinking_statues, uniq_duvessa
D:5:      layout_basic, serial_shops, nicolae_stop_n_shop_1,
          minmay_misc_feat_roman
D:6:      layout_cave_pods, nicolae_overflow_crystal_walls, uniq_prince_ribbit1
Temple:   minmay_temple_bridge_d

Skill      XL: |  1  2  3  4  5  6  7  8 |
---------------+-------------------------+-----
Invocations    | 1 2 3 4 |  4.0
Short Blades   | 1 2 3 |  3.6
Long Blades    | 1 2 3 |  3.6
Axes           | 1 2 3 |  3.6
Maces & Flails | 1 2 3 |  3.6
Polearms       | 1 2 3 |  3.6
Staves         | 1 2 3 |  3.6
Ranged Weapons | 1 2 3 |  3.6
Throwing       | 1 2 3 |  3.6
Armour         | 1 2 3 |  3.6
Dodging        | 1 2 3 |  3.6
Spellcasting   | 3 4 |  4.7
Evocations     | 1 2 3 |  3.6
Conjurations   | 1 2 3 |  3.0
Summonings     | 1 2 3 |  3.0
Necromancy     | 1 2 3 |  3.0
Translocations | 1 2 3 |  3.0
Transmutations | 1 2 3 |  3.0
Fire Magic     | 1 2 3 |  3.0
Ice Magic      | 1 2 3 |  3.0
Air Magic      | 1 2 3 |  3.0
Earth Magic    | 1 2 3 |  3.0
Poison Magic   | 1 2 3 |  3.0
Fighting       | 3 4 |  4.5
Shields        | 3 4 |  4.5
Stealth        | 3 4 |  4.4
Unarmed Combat | 5 |  5.9
Hexes          | |  7.8

Action                   |  1- 3 |  4- 6 |  7- 9 || total
-------------------------+-------+-------+-------++-------
Melee: Unarmed           |   122 |    51 |       ||   173
       Dagger            |     3 |       |       ||     3
       Bite              |     9 |    19 |    35 ||    63
       Short sword       |       |   102 |   166 ||   268
       Whip              |       |       |    37 ||    37
Throw: Dart              |       |       |     3 ||     3
 Cast: Slow              |    21 |    14 |    14 ||    49
       Dazzling Flash    |       |     1 |    13 ||    14
Evoke: Wand              |       |     1 |     2 ||     3
  Use: Potion            |       |       |     2 ||     2
 Stab: Sleeping          |       |     7 |     3 ||    10
       Distracted        |       |       |     1 ||     1
       Invisible         |       |       |     5 ||     5
Armor: Leather armour    |    33 |       |       ||    33
       Robe              |       |    18 |    30 ||    48
Dodge: Dodged            |    62 |    47 |    88 ||   197
Block: Buckler           |    19 |    49 |   105 ||   173
       Reflection        |       |       |     2 ||     2

Table legend: (Time is in decaauts)
 A = Elapsed time spent in this place.
 B = Non-inter-level travel time spent in this place.
 C = Inter-level travel time spent in this place.
 D = Time resting spent in this place.
 E = Time spent auto-exploring this place.
 F = Levels seen in this place.
 G = Mean time per level.
                   A        B        C        D        E       F      G
               +--------+--------+--------+--------+--------+-----+--------+
         Total |   7190 |   6951 |    239 |   1322 |   4316 |   7 | 1027.1 |
       Dungeon |   6958 |   6728 |    230 |   1322 |   4103 |   6 | 1159.7 |
        Temple |    232 |    223 |      9 |      0 |    213 |   1 |  232.0 |
               +--------+--------+--------+--------+--------+-----+--------+

Top non-repeatable levels by time:
     D:1: 1499 daAuts
     D:5: 1413 daAuts
     D:2: 1313 daAuts
     D:4: 1081 daAuts
     D:3: 1009 daAuts
     D:6: 641 daAuts
  Temple: 232 daAuts
